 Seeded DCSS version 0.28-a0-464-g0687ed5 (webtiles) character file.

Game seed: 5798602977109637827 (custom seed)

1328 Illumine the Skirmisher (level 8, 0/78 HPs)
             Began as a Naga Abyssal Knight on Sept 13, 2021.
             Was a Priest of Lugonu.
             Slain by Duvessa (11 damage)
             ... on level 6 of the Dungeon on Sept 14, 2021.
             The game lasted 00:13:37 (6952 turns).

Illumine the Skirmisher (Naga Abyssal Knight)       Turns: 6952, Time: 00:13:37

Health: 0/78       AC:  8    Str: 16    XL:     8   Next: 60%
Magic:  10/10      EV: 13    Int: 12    God:    Lugonu [***...]
Gold:   155        SH:  0    Dex: 18    Spells: 7/7 levels left

rFire   . . .      SeeInvis +   j - +0 battleaxe
rCold   . . .      Faith    +   (shield currently unavailable)
rNeg    . . .      Spirit   .   E - +0 leather armour {Will+}
rPois   +          Reflect  .   F - +2 helmet
rElec   .          Harm     .   (no cloak)
rCorr   .          Rampage  .   b - +0 pair of gloves
Will    ++...                   (no barding)
Stlth   +.........              u - amulet of faith
HPRegen 0.23/turn               t - +6 ring of dexterity
MPRegen 0.12/turn               q - +4 ring of evasion

@: very slow
A: AC +2, large, see invisible, deformed body, poison resistance, slowness 2,
spit poison 1, naga tail 1
a: Spit Poison, Renounce Religion, Depart the Abyss, Bend Space, Banish


You were on level 6 of the Dungeon.
You worshipped Lugonu.
Lugonu was most pleased with you.
You visited 1 branch of the dungeon, and saw 6 of its levels.
You visited the Abyss 1 time.

You collected 155 gold pieces.

Inventory:

Hand Weapons
 a - a +1 mace
 j - a +0 battleaxe (weapon)
Missiles
 g - 184 stones
 h - 40 poisoned darts (quivered)
 y - 19 bolts
Armour
 b - a +0 pair of gloves (worn)
 E - a +0 leather armour of willpower (worn)
 F - a +2 helmet (worn)
Jewellery
 k - a ring of protection from cold
 q - a +4 ring of evasion (right hand)
 t - a +6 ring of dexterity (left hand)
 u - an amulet of faith (around neck)
Wands
 A - a wand of iceblast (8)
 D - a wand of flame (25)
Scrolls
 c - 2 scrolls of fog {unknown}
 d - a scroll of silence {unknown}
 i - 4 scrolls of teleportation {unknown}
 m - a scroll of enchant armour {unknown}
 n - 8 scrolls of identify {unknown}
 p - 2 scrolls of magic mapping {unknown}
 v - a scroll of amnesia {unknown}
 w - a scroll of brand weapon {unknown}
 x - a scroll of vulnerability {unknown}
 G - a scroll of enchant weapon {unknown}
 H - a scroll of acquirement {unknown}
Potions
 e - 4 potions of curing {unknown}
 f - a potion of magic {unknown}
 l - a potion of might {unknown}
 o - 2 potions of brilliance {unknown}
 r - 2 potions of flight {unknown}
 s - a potion of degeneration {unknown}
 z - 3 potions of heal wounds {unknown}
 B - a potion of mutation {unknown}
 C - a potion of lignification {unknown}


   Skills:
 * Level 6.6 Fighting
 * Level 6.2(6.5) Axes
 - Level 3.0(5.0) Maces & Flails
 + Level 3.1 Armour
 - Level 1.0 Dodging
 + Level 3.8 Invocations
 + Level 0.2 Evocations


You had 7 spell levels left.
You didn't know any spells.
Your spell library contained the following spells:

 Spells                   Type           Power      Damage    Failure   Level
 Pain                     Necr           0%         1d4       36%         1
 Static Discharge         Conj/Air       0%         N/A       52%         2
 Dispel Undead            Necr           0%         3d6       98%         4
 Sticky Flame             Conj/Fire      0%         2d3       98%         4
 Agony                    Necr           0%         N/A       100%        5
 Excruciating Wounds      Necr           0%         N/A       100%        5
 Freezing Cloud           Conj/Ice/Air   0%         6-21      100%        5
 Iskenderun's Battlesphe  Conj           0%         2d6       100%        5
 Iron Shot                Conj/Erth      0%         9d1       100%        6
 Simulacrum               Ice/Necr       0%         N/A       100%        6
 Spellforged Servitor     Conj/Summ      0%         N/A       100%        7
 Polar Vortex             Ice            0%         N/A       100%        9


Dungeon Overview and Level Annotations

Branches:
Dungeon (6/15)             Temple (0/1) D:6

Altars:
Gozag

Shops:
D:2 =

Annotations:
D:6 Duvessa


Innate Abilities, Weirdness & Mutations

Your serpentine skin is tough. (AC +2)
You have supernaturally acute eyesight. (SInv)
Armour fits poorly on your strangely shaped body.
Your system is resistant to poisons. (rPois)
You cover ground very slowly.
You can spit poison.
You have a snake-like lower body.


Message History

Duvessa hits you with a +0 short sword!
You slash Duvessa!
Duvessa is almost dead.
You barely miss the killer bee zombie.
The killer bee zombie barely misses you.
Duvessa hits you with a +0 short sword.
The killer bee zombie hits you but does no damage.
Duvessa hits you with a +0 short sword. The killer bee zombie misses you.
You barely miss Duvessa.
Duvessa is almost dead.
You slash the killer bee zombie! Duvessa hits you with a +0 short sword.
The killer bee zombie hits you but does no damage.
Duvessa hits you with a +0 short sword!
The killer bee zombie completely misses you.
Duvessa hits you with a +0 short sword.
You barely miss Duvessa.
Duvessa is almost dead.
You hit the killer bee zombie.
The killer bee zombie hits you but does no damage.
The killer bee zombie barely misses you.
Duvessa misses you.
The killer bee zombie barely misses you.
Duvessa hits you with a +0 short sword!
* * * LOW HITPOINT WARNING * * *
You hit Duvessa.
Duvessa is almost dead.
You hit the killer bee zombie but do no damage.
The killer bee zombie hits you but does no damage.
Duvessa hits you but does no damage. The killer bee zombie hits you.
* * * LOW HITPOINT WARNING * * *
Duvessa misses you.
You barely miss Duvessa.
Duvessa is almost dead.
You closely miss the killer bee zombie.
The killer bee zombie closely misses you.
The killer bee zombie hits you but does no damage.
Duvessa barely misses you. The killer bee zombie hits you.
* * * LOW HITPOINT WARNING * * *
Duvessa hits you with a +0 short sword!
You die...

#♣♣≈# ######♣P≈≈♣##
....♣≈≈≈PPP#
#..P≈≈≈≈≈P#
####..♣..≈..P#
#............#####
#.##..............
#.#.##.##.........####.
#....@e..........# #.
##.##Z#####...#### #. #
.... ##### #. .....
###. ..####. #... ...
.. #... ##.. .# #... #.
## # #... .. #...


You could see Duvessa (berserk) and a killer bee zombie.

Vanquished Creatures
  Eustachio (D:5)
  A hornet zombie (D:6)
  2 ogres
  2 lemures (D:4)
  A scorpion (D:4)
  A bullfrog (D:6)
  Dowan (D:6)
  A water moccasin skeleton (D:4)
  An electric eel (D:6)
  A howler monkey (D:5)
  A bullfrog zombie (D:5)
  A centaur zombie (D:5)
  3 jellies
  2 hounds
  A gnoll shaman (D:5)
  A centaur skeleton (D:5)
  2 bullfrog skeletons (D:6)
  Terence (D:3)
  An iguana (D:4)
  2 orc wizards (D:4)
  7 gnolls (D:5)
  A howler monkey skeleton (D:4)
  2 adders
  A white imp (D:5)
  An ufetubus (D:5)
  A worm (D:3)
  2 dart slugs
  6 orcs
  5 ball pythons
  8 endoplasms
  4 giant cockroaches
  7 goblins
  9 hobgoblins
  10 jackals
  6 kobolds
  3 quokkas
  3 bats
  4 frilled lizards
  4 rats
111 creatures vanquished.

Vanquished Creatures (others)
  An ufetubus (D:6)
  9 plants
10 creatures vanquished.

Grand Total: 121 creatures vanquished

Notes
Turn   | Place    | Note
-------+----------+-------------------------------------------
     0 | Abyss:1  | Illumine the Naga Abyssal Knight began the quest for the
                  | Orb.
     0 | Abyss:1  | Reached XP level 1. HP: 21/21 MP: 2/2
     0 | Abyss:1  | Upgraded the game from 0.28-a0-461-g2dc4ca5 to
                  | 0.28-a0-464-g0687ed5
    15 | D:1      | Escaped the Abyss
   201 | D:1      | Reached XP level 2. HP: 18/28 MP: 3/3
   828 | D:1      | Found a faded altar of an unknown god.
   881 | D:1      | Reached XP level 3. HP: 33/34 MP: 4/4
  1217 | D:2      | Reached ** piety under Lugonu
  1225 | D:2      | Found Qipemagg's Jewellery Shoppe.
  1272 | D:2      | Reached skill level 1 in Axes
  1400 | D:2      | Reached XP level 4. HP: 37/44 MP: 5/5
  2263 | D:3      | Found an opulent altar of Gozag.
  2272 | D:3      | Found an opulent altar of Gozag.
  2279 | D:3      | Found an opulent altar of Gozag.
  2427 | D:3      | Noticed Terence
  2438 | D:3      | Killed Terence
  2704 | D:3      | Reached XP level 5. HP: 48/50 MP: 6/6
  3075 | D:3      | Found an opulent altar of Gozag.
  3225 | D:4      | Noticed an ogre
  3246 | D:4      | Killed an ogre
  3251 | D:4      | Reached XP level 6. HP: 26/58 MP: 5/8
  3645 | D:4      | Noticed a steam dragon
  3743 | D:4      | Reached skill level 1 in Dodging
  3989 | D:4      | Reached XP level 7. HP: 65/66 MP: 9/9
  4019 | D:4      | Reached skill level 5 in Fighting
  4238 | D:5      | Entered Level 5 of the Dungeon
  4689 | D:6      | Reached *** piety under Lugonu
  4890 | D:6      | Reached skill level 5 in Axes
  5459 | D:5      | Reached XP level 8. HP: 68/76 MP: 10/10
  5752 | D:5      | Noticed Eustachio
  5764 | D:5      | Killed Eustachio
  6427 | D:6      | Found a staircase to the Ecumenical Temple.
  6939 | D:6      | Noticed Dowan
  6940 | D:6      | Noticed Duvessa
  6947 | D:6      | Killed Dowan
  6952 | D:6      | Slain by Duvessa

Illustrated notes

Levels and vault maps discovered:
D:1:      onia_arrival_mini_spirals, layout_loops_ring,
          chequers_ecumenical_altar_simple_redux
D:2:      minmay_spotlight, layout_rooms, serial_shops, shop,
          kennysheep_generic_room_15
D:3:      corexii_shack_village, layout_basic,
          nicolae_gozag_conspicuous_consumption, uniq_terence
D:4:      layout_loops_cross, hangedman_abyss_or_decor_passed,
          minmay_small_thing, uniq_pikel
D:5:      layout_basic, uniq_eustachio
D:6:      layout_loops_cross, minmay_temple_entry_mini_moons, serial_bayou,
          serial_bayou_pond_d, serial_bayou_shore_b, serial_bayou_pond_c,
          serial_bayou_lagoon_b, serial_bayou_ford_a, grunt_ministairs_7,
          grunt_decor_mini_mirrors, uniq_duvessa

Skill      XL: |  1  2  3  4  5  6  7  8 |
---------------+-------------------------+-----
Maces & Flails | 3 |  3.0
Axes           | 1 2 3 4 5 6 |  6.2
Fighting       | 4 5 6 |  6.6
Invocations    | 3 |  3.8
Dodging        | 1 |  1.0
Armour         | 2 3 |  3.1
Evocations     | |  0.2

Action                   |  1- 3 |  4- 6 |  7- 9 || total
-------------------------+-------+-------+-------++-------
Melee: Mace              |    46 |       |       ||    46
       Battleaxe         |    39 |   104 |   119 ||   262
Throw: Dart              |       |       |     7 ||     7
Invok: Bend Space        |       |     3 |     2 ||     5
 Abil: Spit Poison       |    18 |    25 |    16 ||    59
Evoke: Wand              |       |       |     4 ||     4
Armor: Leather armour    |    31 |    29 |    41 ||   101
Dodge: Dodged            |    62 |    90 |   132 ||   284

Table legend: (Time is in decaauts)
 A = Elapsed time spent in this place.
 B = Non-inter-level travel time spent in this place.
 C = Inter-level travel time spent in this place.
 D = Time resting spent in this place.
 E = Time spent auto-exploring this place.
 F = Levels seen in this place.
 G = Mean time per level.
                   A        B        C        D        E       F      G
               +--------+--------+--------+--------+--------+-----+--------+
         Total |   8316 |   8112 |    204 |   2816 |   3778 |   7 | 1188.0 |
       Dungeon |   8296 |   8092 |    204 |   2816 |   3778 |   6 | 1382.7 |
         Abyss |     20 |     20 |      0 |      0 |      0 |   1 |   20.0 |
               +--------+--------+--------+--------+--------+-----+--------+

Top non-repeatable levels by time:
     D:5: 1885 daAuts
     D:3: 1393 daAuts
     D:1: 1318 daAuts
     D:4: 1316 daAuts
     D:6: 1196 daAuts
     D:2: 1185 daAuts
 Abyss:1: 20 daAuts
